 Dungeon Crawl Stone Soup version 0.30-a0-165-g1891117ce2 (webtiles) character file.

Game seed: 6117861533230170191

11896 ragingrage the Brawler (level 11, -3/105 HPs)
             Began as a Troll Fighter on Sept 28, 2022.
             Was a Believer of Ru.
             Slain by a fire elemental (12 damage)
             ... summoned by a deep elf pyromancer
             ... on level 12 of the Dungeon.
             The game lasted 00:10:23 (9217 turns).

ragingrage the Brawler (Troll Fighter)              Turns: 9217, Time: 00:10:23

Health: -3/105     AC: 10    Str: 34    XL:     11   Next: 55%
Magic:  10/10      EV:  8    Int:  8    God:    Ru [**....]
Gold:   663        SH:  8    Dex:  9    Spells: 10/10 levels left

rFire   . . .      SeeInvis .      - Unarmed
rCold   . . .      Faith    .    b - +0 kite shield
rNeg    . . .      Spirit   .    y - +4 robe of the Haunted God {Int+4}
rPois   +          Reflect  .    (helmet restricted)
rElec   .          Harm     .    I - +1 cloak {rPois}
rCorr   .          Rampage  .    (gloves unavailable)
Will    .....                    (boots unavailable)
Stlth   ..........               k - amulet of regeneration
HPRegen 1.87/turn                R - +6 ring of strength
MPRegen 0.12/turn                P - +4 ring of slaying

@: no status effects
A: large, unfitting armour, claws 3, regeneration 1, shaggy fur 1, tough skin 1,
weak 1, no stealth, no hexes magic, no poison magic, no translocations magic
a: Renounce Religion


You were on level 12 of the Dungeon.
You worshipped Ru.
Ru was pleased with you.
You visited 2 branches of the dungeon, and saw 13 of its levels.

You collected 754 gold pieces.
You spent 91 gold pieces at shops.

Inventory:

Hand Weapons
 f - the +6 mace of the Crypt {holy, rPois}
   (You found it on level 5 of the Dungeon)

   It has been blessed by the Shining One to cause great damage to the undead
   and demons.
   rPois:     It protects you from poison.
 N - a +3 sling of freezing
Missiles
 l - 7 curare-tipped darts (quivered)
 u - 40 poisoned darts
 E - 2 silver boomerangs
 F - 2 atropa-tipped darts
 O - a throwing net
 S - 2 boomerangs
Armour
 b - a +0 kite shield (worn)
 y - the +4 robe of the Haunted God (worn) {Int+4}
   (You bought it in a shop on level 3 of the Dungeon)

   Int:       It affects your intelligence (+4).
 I - a +1 cloak of poison resistance (worn)
Jewellery
 e - a ring of fire
 g - a ring of resist corrosion
 k - an amulet of regeneration (around neck)
 n - a ring of protection from cold
 P - a +4 ring of slaying (right claw)
 R - a +6 ring of strength (left claw)
Wands
 a - a wand of flame (44)
 w - a wand of digging (4)
 J - a wand of polymorph (11)
Scrolls
 d - 4 scrolls of poison
 h - 3 scrolls of blinking
 i - 8 scrolls of teleportation
 o - 3 scrolls of fear
 r - 3 scrolls of identify
 s - 3 scrolls of immolation
 v - 2 scrolls of vulnerability
 D - 7 scrolls of amnesia
 L - a scroll of silence {unknown}
 M - a scroll of enchant weapon {unknown}
Potions
 c - 2 potions of might
 j - a potion of haste {unknown}
 m - 3 potions of mutation
 p - 2 potions of lignification
 q - 3 potions of flight
 t - 7 potions of curing
 x - a potion of magic {unknown}
 z - a potion of berserk rage {unknown}
 A - 4 potions of heal wounds
 B - 3 potions of invisibility
 C - 5 potions of attraction
 G - 2 potions of resistance
 H - a potion of cancellation {unknown}
 K - a potion of ambrosia {unknown}
 Q - 3 potions of brilliance {unknown}


   Skills:
 + Level 6.0 Fighting
 + Level 5.8 Throwing
 - Level 2.4 Dodging
 - Level 6.0 Shields
 * Level 15.0 Unarmed Combat


You had 10 spell levels left.
You didn't know any spells.
Your spell library contained the following spells:

 Spells                   Type           Power      Damage    Failure   Level
 Animate Dead             Necr           0%         N/A       100%        4
 Borgnjor's Vile Clutch   Necr/Erth      0%         N/A       100%        5
 Death Channel            Necr           0%         N/A       100%        6
 Cigotuvi's Dreadful Rot  Necr/Pois/Air  Unusable   N/A       N/A         2
 Poisonous Vapours        Pois/Air       Unusable   N/A       N/A         2
 Gell's Gravitas          Tloc           Unusable   N/A       N/A         3
 Lesser Beckoning         Tloc           Unusable   N/A       N/A         3
 Teleport Other           Tloc           Unusable   N/A       N/A         3

Dungeon Overview and Level Annotations

Branches:
Dungeon (12/15)            Temple (1/1) D:7            Lair (0/5) D:10
    Orc (0/2) D:10

Altars:
Ashenzari
Cheibriados
Dithmenos
Elyvilon
Fedhas
Hepliaklqana
Kikubaaqudgha
Makhleb
Nemelex Xobeh
Okawaru
Qazlal
Ru
Trog
Uskayaw
Vehumet
Wu Jian
Xom
Yredelemnul
The Shining One

Shops:
D:1 ?   D:3 [   D:5 **?

Annotations:
D:10 5 transporters


Innate Abilities, Weirdness & Mutations

You are too large for most types of armour.
You have claws for hands.
Your natural rate of healing is unusually fast.
You are covered in fur. (AC +1)
You have tough skin. (AC +1)
You are weak. (Str -2)
You cannot be stealthy.
You cannot study or cast Hexes magic.
You cannot study or cast Poison magic.
You cannot study or cast Translocations magic.


Message History

You closely miss the deep elf pyromancer.
The deep elf pyromancer is moderately wounded.
The deep elf pyromancer hits you with a +0 long sword.
The fire elemental hits you. The fire elemental burns you!
You barely miss the deep elf pyromancer.
The deep elf pyromancer is moderately wounded.
The fire elemental hits you. The fire elemental burns you!
You focus your inner power and illuminate the fire elemental in retribution!
The deep elf pyromancer mumbles some strange words.
The deep elf pyromancer blinks!
You swing at nothing.
You block the fire elemental's attack.
You mangle the fire elemental!!
The fire elemental is severely damaged.
The fire elemental hits you. The fire elemental burns you!
You block the fire elemental's attack.
The deep elf pyromancer gestures at you while chanting.
The bolt of fire hits the fire elemental.
The fire elemental completely resists.
The bolt of fire hits you!
The bolt of fire hits the fire elemental.
The fire elemental completely resists.
You barely miss the fire elemental.
The fire elemental is severely damaged.
The fire elemental hits you. The fire elemental burns you!
The fire elemental hits you. The fire elemental burns you!
* * * LOW HITPOINT WARNING * * *
You barely miss the fire elemental.
The fire elemental is severely damaged.
The fire elemental hits you. The fire elemental burns you!
* * * LOW HITPOINT WARNING * * *
The fire elemental hits you. The fire elemental burns you!
* * * LOW HITPOINT WARNING * * *
The deep elf pyromancer points at you and mumbles some strange words.
The bolt of fire hits the fire elemental.
The fire elemental completely resists.
The bolt of fire misses you.
The bolt of fire hits the fire elemental.
The fire elemental completely resists.
The fire elemental closely misses you.
You closely miss the fire elemental.
The fire elemental is severely damaged.
The fire elemental hits you. The fire elemental burns you!
You die...

#.............#
###.#..##.#####.# #
#...#.###.....#.#
..
#.###.###.###.#.#
.[.
###.###.......#.#.#
$...
+..".............))
.....
###.#######.#'###.#
......###.#
#..).##.# #.e..E@E#
#....##.# #.#######
#....##.# .....##.#
####+###.# #.# #.#


You could see a deep elf pyromancer and 2 fire elementals.

Vanquished Creatures
  2 manticores
  Joseph (D:7)
  2 unseen horrors
  2 komodo dragons
  A hornet (D:8)
  2 shadows
  A wraith (D:11)
  2 vampires
  2 basilisks (D:10)
  A wyvern (D:10)
  25 yaks
  4 steam dragons
  Duvessa (D:7)
  3 water moccasins
  4 black bears
  4 orc warriors
  An ice beast (D:5)
  A sky beast (D:7)
  2 centaurs
  2 phantoms (D:10)
  3 kobold brigands
  2 bullfrogs (D:8)
  A gnoll sergeant (D:5)
  4 scorpions
  Dowan (D:7)
  3 troll zombies (D:10)
  12 killer bees
  3 howler monkeys
  4 jellies
  7 orc priests
  5 hounds
  Crazy Yiuf (D:4)
  Jessica (D:3)
  Terence (D:3)
  2 iguanas
  11 orc wizards
  Ijyb (D:3)
  3 ogre zombies (D:10)
  3 gnolls (D:4)
  6 adders
  2 shadow imps (D:7)
  2 white imps
  2 worms (D:2)
  4 dart slugs
  38 orcs
  7 ball pythons
  5 bats
  12 endoplasms
  2 giant cockroaches
  5 goblins
  5 hobgoblins
  4 jackals (D:1)
  5 quokkas
  2 frilled lizards
  A goblin zombie (D:10)
  2 hobgoblin skeletons (D:10)
  4 hobgoblin zombies (D:10)
  15 kobolds
  An orc skeleton (D:10)
  11 orc zombies (D:10)
  5 rats
271 creatures vanquished.

Notes
Turn   | Place    | Note
-------+----------+-------------------------------------------
     0 | D:1      | ragingrage the Troll Fighter began the quest for the Orb.
     0 | D:1      | Reached XP level 1. HP: 22/22 MP: 0/0
   175 | D:1      | Found Huumocat's Magic Scroll Boutique.
   175 | D:1      | Found a faded altar of an unknown god.
   186 | D:1      | Reached XP level 2. HP: 27/29 MP: 1/1
   195 | D:1      | Reached skill level 3 in Unarmed Combat
   823 | D:2      | Reached XP level 3. HP: 36/36 MP: 2/2
  1055 | D:2      | Reached skill level 4 in Unarmed Combat
  1498 | D:3      | Noticed Ijyb
  1506 | D:3      | Killed Ijyb
  1507 | D:3      | Reached XP level 4. HP: 43/44 MP: 3/3
  1845 | D:3      | Noticed Terence
  1853 | D:3      | Killed Terence
  1854 | D:3      | Reached skill level 5 in Unarmed Combat
  1876 | D:3      | Reached XP level 5. HP: 50/50 MP: 4/4
  1907 | D:3      | Found Baotweose's Antique Armour Shop.
  1913 | D:3      | Noticed Jessica
  1917 | D:3      | Killed Jessica
  2247 | D:4      | Reached skill level 6 in Unarmed Combat
  2347 | D:4      | Reached XP level 6. HP: 59/59 MP: 5/5
  2494 | D:4      | Reached skill level 7 in Unarmed Combat
  2651 | D:4      | Found a runed translucent door.
  2652 | D:4      | Noticed Crazy Yiuf
  2847 | D:5      | Entered Level 5 of the Dungeon
  2850 | D:5      | Found Eveomam's General Store.
  2866 | D:5      | Found Eklifis's Magic Scroll Shoppe.
  2866 | D:5      | Found Iviabb's General Store.
  2894 | D:5      | Reached XP level 7. HP: 46/66 MP: 6/6
  2960 | D:5      | Reached skill level 8 in Unarmed Combat
  3095 | D:5      | Reached skill level 9 in Unarmed Combat
  3130 | D:5      | Noticed a steam dragon
  3133 | D:5      | Reached XP level 8. HP: 67/74 MP: 7/7
  3157 | D:5      | Reached skill level 10 in Unarmed Combat
  3194 | D:5      | Identified the +6 mace of the Crypt {holy, rPois}
  3244 | D:5      | Found an ornate altar of the Wu Jian Council.
  3496 | D:3      | Bought a crude robe for 91 gold pieces
  3496 | D:3      | Identified the +4 robe of the Haunted God {Int+4} (You
                  | bought it in a shop on level 3 of the Dungeon)
  3572 | D:4      | Killed Crazy Yiuf
  3724 | D:6      | Found a hazy altar of Hepliaklqana.
  3781 | D:6      | Reached skill level 11 in Unarmed Combat
  3794 | D:6      | Found a bloodstained altar of Trog.
  3830 | D:6      | Reached XP level 9. HP: 75/80 MP: 8/8
  3831 | D:6      | Reached skill level 12 in Unarmed Combat
  4052 | D:6      | Reached skill level 1 in Throwing
  4551 | D:7      | Found a staircase to the Ecumenical Temple.
  4560 | Temple   | Entered the Ecumenical Temple
  4609 | Temple   | Became a worshipper of Ru the Awakened
  4658 | D:7      | Noticed Duvessa
  4659 | D:7      | Noticed Dowan
  4685 | D:7      | Killed Duvessa
  4689 | D:7      | Killed Dowan
  5353 | D:7      | Noticed Joseph
  5640 | D:7      | Killed Joseph
  5696 | D:8      | Gained mutation: You cannot study or cast Poison magic. [Ru
                  | sacrifice]
  5696 | D:8      | Gained mutation: You cannot study or cast Hexes magic. [Ru
                  | sacrifice]
  5696 | D:8      | Gained mutation: You cannot study or cast Translocations
                  | magic. [Ru sacrifice]
  5696 | D:8      | Reached * piety under Ru
  5911 | D:8      | Reached skill level 13 in Unarmed Combat
  5936 | D:8      | Reached XP level 10. HP: 77/92 MP: 9/9
  5958 | D:8      | Found a snail-covered altar of Cheibriados.
  6021 | D:8      | Noticed a manticore
  6030 | D:8      | Killed a manticore
  6591 | D:9      | Found an iron altar of Okawaru.
  6964 | D:9      | Reached skill level 5 in Shields
  7367 | D:10     | Entered Level 10 of the Dungeon
  7381 | D:9      | Reached skill level 14 in Unarmed Combat
  7390 | D:9      | Reached skill level 5 in Fighting
  7439 | D:10     | Gained mutation: You are weak. (Str -2) [Ru sacrifice]
  7439 | D:10     | Reached ** piety under Ru
  7507 | D:10     | Noticed a manticore
  7522 | D:10     | Killed a manticore
  7560 | D:10     | Found a transporter.
  7562 | D:10     | Found a transporter.
  7575 | D:10     | Found a hide-covered altar of Uskayaw.
  7597 | D:10     | Reached XP level 11. HP: 102/102 MP: 10/10
  7746 | D:10     | Found a staircase to the Orcish Mines.
  7796 | D:10     | Reached skill level 5 in Throwing
  7846 | D:10     | Found a transporter.
  7847 | D:10     | Found a transporter.
  7857 | D:10     | Found a transporter.
  7897 | D:10     | Found a staircase to the Lair.
  8032 | D:10     | Found a transporter.
  9187 | D:12     | Gained mutation: You cannot be stealthy. [Ru sacrifice]
  9202 | D:12     | Reached skill level 15 in Unarmed Combat
  9205 | D:12     | Noticed a deep elf pyromancer
  9217 | D:12     | Slain by a fire elemental

Illustrated notes

Levels and vault maps discovered:
D:1:      dpeg_arrival_three_smaller_balls, layout_basic, serial_shops, shop,
          ebering_ecumenical_altar_petrified
D:2:      layout_basic
D:3:      layout_loops_cross, serial_shops, nicolae_shop_hallway_stairs,
          uniq_jessica, uniq_terence, uniq_ijyb
D:4:      layout_loops_cross, uniq_crazy_yiuf_cottage
D:5:      layout_rooms, lemuel_doored_altar, serial_shops, shop, shop, shop,
          minivault_1
D:6:      layout_loops_ring, nicolae_overflow_crystal_walls,
          kennysheep_little_box
D:7:      layout_loops_corners, minmay_temple_entry_mist, uniq_duvessa,
          uniq_joseph
D:8:      layout_gridville, mainiacjoe_overflow_small_starburst
D:9:      layout_loops_ring, overflow_temple_1_default
D:10:     layout_long_grid, kennysheep_mini, david_lair_generic,
          zombieorc1_lemuel, serial_nicolae_subway, nicolae_sub_station_stone,
          nicolae_sub_station_metal, nicolae_sub_station_crystal
D:11:     layout_loops_ring
D:12:     layout_basic, chequers_decorated_corner, uniq_lodul, uniq_azrael,
          uniq_sonja
Temple:   nicolae_temple_bog_church

Skill      XL: |  1  2  3  4  5  6  7  8  9 10 11 |
---------------+----------------------------------+-----
Unarmed Combat | 3 4 5 6 7 9 11 13 14 15 | 15.0
Throwing       | 3 4 5 |  5.8
Shields        | 4 5 6 |  6.0
Fighting       | 3 5 6 |  6.0
Dodging        | |  2.4

Action                   |  1- 3 |  4- 6 |  7- 9 | 10-12 || total
-------------------------+-------+-------+-------+-------++-------
Melee: Unarmed           |    96 |   113 |   214 |   389 ||   812
Throw: Dart              |       |       |     3 |     4 ||     7
Invok: Sacrifice Arcana  |       |       |     1 |       ||     1
       Sacrifice Purity  |       |       |       |     1 ||     1
       Sacrifice Stealth |       |       |       |     1 ||     1
Evoke: Wand              |       |       |     5 |       ||     5
  Use: Scroll            |       |     8 |       |    10 ||    18
 Stab: Distracted        |       |       |       |     1 ||     1
Armor: Robe              |    36 |    21 |    56 |   137 ||   250
Dodge: Dodged            |    37 |    40 |    47 |    88 ||   212
Block: Kite shield       |    30 |    37 |    57 |   134 ||   258

Table legend: (Time is in decaauts)
 A = Elapsed time spent in this place.
 B = Non-inter-level travel time spent in this place.
 C = Inter-level travel time spent in this place.
 D = Time resting spent in this place.
 E = Time spent auto-exploring this place.
 F = Levels seen in this place.
 G = Mean time per level.
                   A        B        C        D        E       F      G
               +--------+--------+--------+--------+--------+-----+--------+
         Total |   9164 |   8455 |    709 |    159 |   6278 |  13 |  704.9 |
       Dungeon |   9102 |   8415 |    687 |    159 |   6251 |  12 |  758.5 |
        Temple |     61 |     39 |     22 |      0 |     27 |   1 |   61.0 |
               +--------+--------+--------+--------+--------+-----+--------+

Top non-repeatable levels by time:
     D:7: 1021 daAuts
    D:10: 944 daAuts
     D:6: 928 daAuts
     D:9: 902 daAuts
     D:4: 847 daAuts
     D:1: 817 daAuts
     D:3: 817 daAuts
    D:11: 741 daAuts
     D:8: 730 daAuts
     D:5: 635 daAuts
     D:2: 603 daAuts
    D:12: 114 daAuts
  Temple: 61 daAuts
